 Dungeon Crawl Stone Soup version 0.23.0-2-g0fe3ce5 (webtiles) character file.

Game seed: 4146321208359465359

28610 Mgcat the Severer (level 13, 0/103 HPs)
             Began as a Demonspawn Berserker on Feb 15, 2019.
             Was the Champion of Trog.
             Splashed by an oklob plant's acid (11 damage)
             ... on level 2 of the Lair of Beasts on Feb 19, 2019.
             The game lasted 00:48:13 (17589 turns).

Mgcat the Severer (Demonspawn Berserker)           Turns: 17589, Time: 00:48:14

Health: 0/103      AC: 36    Str: 21    XL:     13   Next: 10%
Magic:  16/16      EV: 12    Int:  7    God:    Trog [******]
Gold:   1202       SH: 11    Dex: 14    Spells: 12/12 levels left

rFire    + . .     SeeInvis .   a - +0 hunting sling (flame)
rCold    + + +     Gourm    .   h - +0 shield
rNeg     . . .     Faith    .   s - +3 chain mail "Foriory" {rF+ rC++ Int-2 Stlth+}
rPois    .         Spirit   .   (helmet unavailable)
rElec    .         Reflect  +   D - +0 cloak
rCorr    .         Harm     .   u - +2 pair of gloves
MR       .....                  (no boots)
Stlth    ..........             Q - +4 amulet of reflection
HPRegen  0.27/turn              G - +3 ring of evasion
MPRegen  0.15/turn              O - +2 ring of evasion

@: sanguine armour, lightly drained
A: horns 3, cold resistance 1, demonic guardian 1, icemail, freezing cloud
immunity, sanguine armour 2
a: Berserk, Trog's Hand, Brothers in Arms, Renounce Religion


You were on level 2 of the Lair of Beasts.
You worshipped Trog.
Trog was exalted by your worship.
You were not hungry.

You visited 2 branches of the dungeon, and saw 13 of its levels.
You also visited: Ice Cave.

You collected 1232 gold pieces.
You spent 30 gold pieces at shops.

Inventory:

Hand Weapons
 a - a +0 hunting sling of flaming (weapon)
   (You found it on level 8 of the Dungeon)
 b - a +0 war axe
   (You found it on level 2 of the Lair of Beasts)
 q - a +3 antimagic hand axe
   (Trog gifted it to you in an ice cave)
 L - a +2 executioner's axe of chopping
   (Trog gifted it to you on level 11 of the Dungeon)
Missiles
 o - 30 tomahawks
 r - 59 sling bullets (quivered)
 v - 218 stones
 E - 2 javelins of penetration
 F - 3 throwing nets {=f, !d}
 M - 5 javelins
Armour
 h - a +0 shield (worn)
   (You found it on level 1 of the Dungeon)
 s - the +3 chain mail "Foriory" (worn) {rF+ rC++ Int-2 Stlth+}
   (You found it on level 11 of the Dungeon)

   It affects your intelligence (-2).
   It protects you from fire.
   It greatly protects you from cold.
   It makes you more stealthy.
 u - a +2 pair of gloves (worn)
   (You found it on level 4 of the Dungeon)
 D - a +0 cloak (worn)
   (You took it off Crazy Yiuf on level 7 of the Dungeon)
Jewellery
 e - an uncursed ring of flight {+Fly, !d}
   (You found it on level 5 of the Dungeon)
 G - a +3 ring of evasion (left hand)
   (You found it on level 2 of the Lair of Beasts)
 I - an uncursed ring of fire {rF+, rC-}
   (You found it in an ice cave)
 O - a +2 ring of evasion (right hand)
   (You found it in an ice cave)
 Q - a +4 amulet of reflection (around neck)
   (You found it in an ice cave)
Wands
 d - a wand of acid (10)
   (You found it on level 10 of the Dungeon)
 p - a wand of clouds (8)
   (You took it off an orc on level 3 of the Dungeon)
 w - a wand of digging (5)
   (You found it on level 9 of the Dungeon)
 y - a wand of flame (11)
   (You found it on level 6 of the Dungeon)
 A - a wand of polymorph (10)
   (You found it on level 7 of the Dungeon)
Scrolls
 i - 13 scrolls of remove curse
 m - 2 scrolls of fog
 x - a scroll of teleportation
 z - 2 scrolls of magic mapping {!r}
 H - 3 scrolls of blinking {!r}
Potions
 f - 5 potions of haste
 g - 2 potions of lignification {!q}
 j - 4 potions of flight
 k - 2 potions of resistance
 l - 6 potions of curing
 B - 2 potions of agility
 C - a potion of ambrosia {unknown}
Comestibles
 c - 25 rations


   Skills:
 - Level 10.1(9.4) Fighting
 + Level 16.0(15.3) Axes
 - Level 5.0(4.4) Armour
 - Level 5.0(4.5) Dodging
 - Level 5.1(4.5) Evocations


You had 12 spell levels left.
You didn't know any spells.
Your spell library was empty.

Dungeon Overview and Level Annotations

Branches:
Dungeon (11/15)            Temple (0/1) D:6            Lair (2/6) D:9
  Swamp: Lair:2-4    Shoals: Lair:2-4     Snake: Lair:2-4    Spider: Lair:2-4
    Orc: D:9-12

Altars:
Ashenzari
Cheibriados
Dithmenos
Gozag
Hepliaklqana
Kikubaaqudgha
Ru
Sif Muna
Vehumet
Wu Jian
Xom
The Shining One

Shops:
D:8 ?

Annotations:
Lair:2 exclusion: oklob plant


Innate Abilities, Weirdness & Mutations

You have a pair of large horns on your head.
Your flesh is cold resistant. (rC+)
A weak demonic guardian rushes to your aid.
A meltable icy envelope protects you from harm. (AC +10)
You are immune to freezing clouds.
When seriously injured, your bleeding wounds create thick armour. (AC +9)


Message History

You are splashed with acid!
The oklob plant spits acid at you.
The splash of acid hits you but does no damage.
You are splashed with acid!
You take 22 damage, and have 35/103 hp.
MASSIVE DAMAGE!!
Spoiler Alert: The oklob plant can corrode equipment at range!
Firing (i - inventory. (/) - cycle)
r - 68 sling bullets (quivered)
Press: ? - help, Shift-Dir - straight line, f/p - oklob plant
Aim: an oklob plant (almost destroyed)
You shoot a sling bullet.
The sling bullet hits the oklob plant but does no damage.
The oklob plant is almost destroyed.
Spoiler Alert: The oklob plant can corrode equipment at range!
Firing (i - inventory. (/) - cycle)
r - 67 sling bullets (quivered)
Press: ? - help, Shift-Dir - straight line, f/p - oklob plant
Aim: an oklob plant (almost destroyed)
You shoot a sling bullet. The sling bullet hits the oklob plant.
The sling bullet burns the oklob plant.
The oklob plant is almost destroyed.
Spoiler Alert: The oklob plant can corrode equipment at range!
Firing (i - inventory. (/) - cycle)
r - 66 sling bullets (quivered)
Press: ? - help, Shift-Dir - straight line, f/p - oklob plant
Aim: an oklob plant (almost destroyed)
You shoot a sling bullet.
The sling bullet hits the oklob plant but does no damage.
The oklob plant is almost destroyed.
Spoiler Alert: The oklob plant can corrode equipment at range!
Firing (i - inventory. (/) - cycle)
r - 65 sling bullets (quivered)
Press: ? - help, Shift-Dir - straight line, f/p - oklob plant
Aim: an oklob plant (almost destroyed)
You shoot a sling bullet.
The sling bullet hits the oklob plant but does no damage.
The oklob plant is almost destroyed.
The oklob plant spits acid at you. The splash of acid hits you!
* * * LOW HITPOINT WARNING * * *
You are splashed with acid!
* * * LOW HITPOINT WARNING * * *
You take 21 damage, and have 15/103 hp.
MASSIVE DAMAGE!!
Spoiler Alert: The oklob plant can corrode equipment at range!
You eat one of the 26 rations.
That ration really hit the spot!
You start resting.
You are no longer corroded.
You regained 2 hp, and now have 18/103 hp.
You start resting.
Unknown command.
You regained 19 hp, and now have 37/103 hp.
Really walk into a travel-excluded area?
Spoiler Alert: The oklob plant can corrode equipment at range!
Firing (i - inventory. (/) - cycle)
r - 64 sling bullets (quivered)
Press: ? - help, Shift-Dir - straight line, f/p - oklob plant
Aim: an oklob plant (heavily damaged)
You shoot a sling bullet.
Your demonic guardian avoids your attack.
The sling bullet hits the oklob plant.
The sling bullet burns the oklob plant.
The oklob plant is heavily damaged.
The oklob plant spits acid at you. The splash of acid hits your white imp!
Your white imp is splashed with acid.
The acid corrodes your white imp!
Your white imp dies!
Spoiler Alert: The oklob plant can corrode equipment at range!
Firing (i - inventory. (/) - cycle)
r - 63 sling bullets (quivered)
Press: ? - help, Shift-Dir - straight line, f/p - oklob plant
Aim: an oklob plant (heavily damaged)
You shoot a sling bullet. The sling bullet hits the oklob plant!
The sling bullet burns the oklob plant.
The oklob plant is almost destroyed.
Spoiler Alert: The oklob plant can corrode equipment at range!
Firing (i - inventory. (/) - cycle)
r - 62 sling bullets (quivered)
Press: ? - help, Shift-Dir - straight line, f/p - oklob plant
Aim: an oklob plant (almost destroyed)
You shoot a sling bullet.
The sling bullet hits the oklob plant but does no damage.
The oklob plant is almost destroyed.
The oklob plant spits acid at you. The splash of acid misses you.
The oklob plant spits acid at you.
The splash of acid hits you but does no damage.
You are splashed with acid!
* * * LOW HITPOINT WARNING * * *
You take 13 damage, and have 25/103 hp.
Spoiler Alert: The oklob plant can corrode equipment at range!
Firing (i - inventory. (/) - cycle)
r - 61 sling bullets (quivered)
Press: ? - help, Shift-Dir - straight line, f/p - oklob plant
Aim: an oklob plant (almost destroyed)
You shoot a sling bullet.
The sling bullet hits the oklob plant but does no damage.
The oklob plant is almost destroyed.
Spoiler Alert: The oklob plant can corrode equipment at range!
Firing (i - inventory. (/) - cycle)
r - 60 sling bullets (quivered)
Press: ? - help, Shift-Dir - straight line, f/p - oklob plant
Aim: an oklob plant (almost destroyed)
You shoot a sling bullet.
The sling bullet hits the oklob plant but does no damage.
The oklob plant is almost destroyed.
The oklob plant spits acid at you. The splash of acid hits you!
* * * LOW HITPOINT WARNING * * *
You are splashed with acid!
You die...

..## ##....###...#....P#.**
...####..#.# #....#..P_P#*
....#.#....###P..##P..P..*
.#.#.....................*
...#.###.#.P..##........,*
.....##..P.####}....#*****
.....###....#.##..P### #####
...............##..PP###.#.##
.....###...###.#@..PP....P#.#
......##.#..##.##..PP.....PP##
#..#..#..#.#..!##..........PP##
####.###...###.#...P....P..PP.#
# #.##..#.###..#......PP...PP#
# ##........##.#...PPPPPPP...P#
###..##..#.###.#..PPPPPPPP..!P#
.###..#P.#..#.......PPPPPPP..P#
.###......>#......P.PPP.PP....#


You could see an oklob plant.

Vanquished Creatures
  2 ice dragons (IceCv)
  2 hydras
  Harold (D:7)
  2 two-headed ogres (D:11)
  3 death yaks
  A wolf spider (Lair:2)
  Pikel (D:7)
  2 ugly things
  A centaur zombie (D:11)
  A black mamba (Lair:2)
  2 ice statues (IceCv)
  2 rime drakes
  A gargoyle (D:10)
  4 spiny frogs
  A komodo dragon (Lair:2)
  A freezing wraith (D:9)
  2 trolls
  Prince Ribbit (D:7)
  9 blink frogs (Lair:1)
  2 hippogriffs
  A snapping turtle (Lair:2)
  A shadow (D:11)
  Sigmund (D:4)
  3 wyverns
  26 yaks
  A hungry ghost (D:9)
  A vampire mosquito (D:9)
  5 water moccasins
  Duvessa (D:7)
  3 porcupines (Lair:1)
  5 orc warriors
  2 slaves (D:7)
  14 ice beasts (IceCv)
  2 black bears (D:9)
  3 centaurs
  A necrophage (D:10)
  7 ogres
  5 crocodiles
  A big kobold (D:11)
  A gnoll sergeant (D:8)
  9 bullfrogs
  Dowan (D:7)
  2 scorpions
  A water moccasin skeleton (D:6)
  4 wights (D:6)
  2 howler monkeys
  6 crimson imps
  3 bullfrog zombies
  3 hounds
  3 quasits
  Crazy Yiuf (D:7)
  4 jellies
  7 orc priests
  A bullfrog skeleton (D:11)
  3 iguanas
  18 orc wizards
  6 worker ants
  2 hound skeletons
  2 hound zombies (D:5)
  A worker ant zombie (D:11)
  20 adders
  15 gnolls
  3 shadow imps
  2 adder skeletons
  3 worms (D:3)
  2 dart slugs (D:2)
  8 leopard geckos
  62 orcs
  A giant cockroach (D:2)
  9 goblins
  8 hobgoblins
  4 jackals (D:2)
  5 quokkas
  10 bats
  3 frilled lizards
  2 goblin skeletons (D:7)
  2 goblin zombies (D:7)
  3 hobgoblin zombies (D:7)
  17 kobolds
  A kobold zombie (D:7)
  2 orc skeletons (D:7)
  2 orc zombies (D:7)
  A quokka skeleton (D:8)
  6 rats
395 creatures vanquished.

Vanquished Creatures (collateral kills)
  A hydra (D:11)
  A two-headed ogre (D:10)
  A kobold demonologist (D:11)
  A rime drake (IceCv)
  A hornet (Lair:2)
  A yak (Lair:2)
  Menkaure (D:7)
  2 water moccasins
  A black bear (D:7)
  2 ogres
  2 orc priests (D:11)
  3 orcs
17 creatures vanquished.

Vanquished Creatures (others)
  A leopard gecko (D:7)
  An orc (D:7)
  5 fungi
  8 plants (Lair:2)
15 creatures vanquished.

Grand Total: 427 creatures vanquished

Notes
Turn   | Place    | Note
-------+----------+-------------------------------------------
     0 | D:1      | Mgcat the Demonspawn Berserker began the quest for the Orb.
     0 | D:1      | Reached XP level 1. HP: 18/18 MP: 1/1
   322 | D:1      | Reached skill level 2 in Dodging
   322 | D:1      | Gained mutation: Your flesh is cold resistant. (rC+)
                  | [demonic ancestry]
   322 | D:1      | Reached XP level 2. HP: 18/24 MP: 2/2
   480 | D:1      | Reached skill level 2 in Armour
   834 | D:1      | Reached skill level 3 in Axes
  1224 | D:2      | Gained mutation: When seriously injured, your bleeding
                  | wounds create armour. (AC +9) [demonic ancestry]
  1224 | D:2      | Reached XP level 3. HP: 26/29 MP: 3/3
  1322 | D:2      | Found a deep blue altar of Sif Muna.
  1525 | D:2      | Reached ** piety under Trog
  1541 | D:2      | Found an opulent altar of Gozag.
  1774 | D:2      | Gained mutation: You have a pair of small horns on your
                  | head. [demonic ancestry]
  1774 | D:2      | Reached XP level 4. HP: 24/35 MP: 4/4
  1777 | D:2      | Upgraded the game from 0.23.0 to 0.23.0-2-g0fe3ce5
  2328 | D:3      | Reached XP level 5. HP: 42/42 MP: 5/5
  2337 | D:3      | HP: 7/42 [gnoll/+0 spear (10)]
  2668 | D:3      | Reached skill level 4 in Fighting
  2672 | D:3      | Reached skill level 3 in Dodging
  2672 | D:3      | Reached skill level 3 in Armour
  2847 | D:3      | Found an ornate altar of the Wu Jian Council.
  3005 | D:3      | Gained mutation: A weak demonic guardian rushes to your
                  | aid. [demonic ancestry]
  3005 | D:3      | Reached XP level 6. HP: 48/48 MP: 6/6
  3230 | D:3      | Found a faded altar of an unknown god.
  3281 | D:3      | Reached skill level 4 in Axes
  3455 | D:4      | Reached *** piety under Trog
  3859 | D:4      | Gained mutation: You have a pair of horns on your head.
                  | [demonic ancestry]
  3859 | D:4      | Reached XP level 7. HP: 44/55 MP: 7/7
  3883 | D:4      | Found a shimmering altar of Xom.
  4049 | D:4      | Noticed Sigmund
  4068 | D:4      | Killed Sigmund
  4068 | D:4      | Reached skill level 5 in Fighting
  4068 | D:4      | Reached skill level 4 in Armour
  4068 | D:4      | Reached skill level 4 in Dodging
  4089 | D:4      | Found a shadowy altar of Dithmenos.
  4166 | D:5      | Entered Level 5 of the Dungeon
  4365 | D:5      | Reached skill level 5 in Axes
  4365 | D:5      | Gained mutation: You are immune to freezing clouds.
                  | [demonic ancestry]
  4365 | D:5      | Reached XP level 8. HP: 62/62 MP: 8/8
  4603 | D:5      | Found a sacrificial altar of Ru.
  5142 | D:6      | Reached skill level 1 in Evocations
  5362 | D:6      | Reached skill level 5 in Armour
  5362 | D:6      | Reached skill level 5 in Dodging
  5367 | D:6      | Reached skill level 2 in Evocations
  5375 | D:6      | Found a radiant altar of Vehumet.
  5475 | D:6      | Found a staircase to the Ecumenical Temple.
  5533 | D:6      | Reached skill level 6 in Axes
  5533 | D:6      | Reached skill level 3 in Evocations
  5688 | D:6      | Found an ancient bone altar of Kikubaaqudgha.
  5967 | D:6      | Found a hazy altar of Hepliaklqana.
  6027 | D:6      | Reached skill level 4 in Evocations
  6028 | D:6      | Reached **** piety under Trog
  6093 | D:6      | Found a snail-covered altar of Cheibriados.
  6111 | D:6      | Reached XP level 9. HP: 66/68 MP: 12/12
  6265 | D:7      | Found a glowing golden altar of the Shining One.
  6345 | D:7      | Noticed Prince Ribbit
  6365 | D:7      | Killed Prince Ribbit
  6365 | D:7      | Reached skill level 7 in Axes
  6542 | D:7      | Noticed Duvessa
  6552 | D:7      | Noticed Pikel
  6554 | D:7      | Noticed Dowan
  6561 | D:7      | Killed Duvessa
  6561 | D:7      | Reached skill level 5 in Evocations
  6562 | D:7      | Killed Dowan
  6568 | D:7      | Killed Pikel
  6568 | D:7      | Reached skill level 8 in Axes
  6794 | D:7      | Found a runed translucent door.
  6795 | D:7      | Noticed Crazy Yiuf
  6811 | D:7      | Killed Crazy Yiuf
  7134 | D:7      | Found a shattered altar of Ashenzari.
  7184 | D:7      | Noticed Menkaure
  7189 | D:7      | Killed Menkaure
  7226 | D:7      | Noticed Harold
  7245 | D:7      | Killed Harold
  7245 | D:7      | Received a gift from Trog
  7245 | D:7      | Reached skill level 9 in Axes
  7429 | D:7      | Gained mutation: You have a pair of large horns on your
                  | head. [demonic ancestry]
  7429 | D:7      | Reached XP level 10. HP: 74/74 MP: 13/13
  7550 | D:8      | Reached skill level 10 in Axes
  7882 | D:8      | Found an ancient bone altar of Kikubaaqudgha.
  8012 | D:8      | Identified the +2 chain mail of Whack-A-Mole {Int+4}
  8447 | D:8      | Found Tyffeh's Magic Scroll Emporium.
  8450 | D:8      | Bought a scroll of identify for 30 gold pieces
  8540 | D:8      | You fall through a shaft for 2 floors!
  8540 | D:10     | Entered Level 10 of the Dungeon
  8579 | D:10     | Noticed a gargoyle
  8586 | D:10     | Killed a gargoyle
  8586 | D:10     | Reached skill level 11 in Axes
  9143 | D:8      | Reached ***** piety under Trog
  9282 | D:9      | Found a staircase to the Lair.
  9282 | D:9      | Noticed a death yak
  9282 | D:9      | Noticed a death yak
  9282 | D:9      | Noticed a death yak
  9532 | D:8      | Killed a death yak
  9582 | D:9      | Killed a death yak
  9582 | D:9      | Reached skill level 12 in Axes
  9708 | D:9      | Killed a death yak
  9708 | D:9      | Gained mutation: When seriously injured, your bleeding
                  | wounds create thick armour. (AC +9) [demonic ancestry]
  9708 | D:9      | Reached XP level 11. HP: 62/79 MP: 14/14
 10252 | D:9      | Reached skill level 13 in Axes
 10396 | D:9      | Noticed a white ugly thing
 10412 | D:9      | Killed a white ugly thing
 11425 | D:10     | Noticed a two-headed ogre
 11432 | D:10     | Killed a two-headed ogre
 12079 | D:11     | Reached skill level 14 in Axes
 12185 | D:11     | Noticed a seven-headed hydra
 12406 | D:11     | Noticed a two-headed ogre
 12425 | D:11     | Killed a two-headed ogre
 12425 | D:11     | Reached skill level 6 in Fighting
 12749 | D:11     | Reached skill level 7 in Fighting
 12818 | D:11     | Killed a seven-headed hydra
 12991 | D:11     | Received a gift from Trog
 13093 | D:11     | Noticed a purple ugly thing
 13102 | D:11     | Killed a purple ugly thing
 13102 | D:11     | Reached skill level 8 in Fighting
 13171 | D:11     | Noticed a two-headed ogre
 13176 | D:11     | Killed a two-headed ogre
 13417 | D:11     | Got a dazzling chain mail
 13428 | D:11     | Identified the +3 chain mail "Foriory" {rF+ rC++ Int-2
                  | Stlth+} (You found it on level 11 of the Dungeon)
 13614 | D:11     | Gained mutation: A meltable icy envelope protects you from
                  | harm. (AC +10) [demonic ancestry]
 13614 | D:11     | Reached XP level 12. HP: 89/94 MP: 15/15
 13684 | Lair:1   | Entered Level 1 of the Lair of Beasts
 13726 | Lair:1   | Reached skill level 9 in Fighting
 13842 | Lair:1   | Noticed a seven-headed hydra
 13878 | Lair:1   | Killed a seven-headed hydra
 13962 | Lair:1   | Reached skill level 10 in Fighting
 14699 | Lair:2   | Reached ****** piety under Trog
 14775 | Lair:2   | Reached skill level 15 in Axes
 14860 | Lair:2   | Found a frozen archway.
 14866 | IceCv    | Entered an ice cave
 15237 | IceCv    | Noticed an ice dragon
 15254 | IceCv    | Killed an ice dragon
 15254 | IceCv    | Received a gift from Trog
 15304 | IceCv    | Noticed an ice dragon
 15323 | IceCv    | Killed an ice dragon
 15674 | Lair:2   | Noticed a five-headed hydra
 15684 | Lair:2   | Killed a five-headed hydra
 15684 | Lair:2   | Reached XP level 13. HP: 66/103 MP: 6/16
 15794 | Lair:2   | Paralysed by a hornet for 3 turns
 16167 | Lair:2   | Reached skill level 16 in Axes
 17028 | Lair:2   | Found a shimmering altar of Xom.
 17033 | Lair:2   | HP: 19/103 [acid (14)]
 17504 | Lair:2   | HP: 15/103 [acid (13)]
 17587 | Lair:2   | HP: 25/103 [acid (13)]
 17589 | Lair:2   | HP: 11/103 [oklob plant/splash of acid (15)]
 17589 | Lair:2   | Splashed by an oklob plant's acid

Skill      XL: |  1  2  3  4  5  6  7  8  9 10 11 12 13 |
---------------+----------------------------------------+-----
Dodging        | 2 3 4 5 |  5.0
Armour         | 2 3 4 5 |  5.0
Axes           | 3 4 5 6 9 12 14 15 16 | 16.0
Fighting       | 4 5 8 10 | 10.1
Evocations     | 4 5 |  5.1

Action                   |  1- 3 |  4- 6 |  7- 9 | 10-12 | 13-15 || total
-------------------------+-------+-------+-------+-------+-------++-------
Melee: Hand axe          |   129 |   186 |   295 |   859 |       ||  1469
       Headbutt          |       |    38 |    58 |   229 |    19 ||   344
       War axe           |       |       |       |       |    87 ||    87
 Fire: Hunting sling     |       |       |    17 |    20 |    34 ||    71
Invok: Berserk           |     2 |     6 |     9 |    29 |     3 ||    49
       Trog's Hand       |       |       |     2 |     1 |       ||     3
Evoke: Wand              |       |       |       |     5 |     2 ||     7
  Use: Scroll            |       |     4 |    12 |    12 |     2 ||    30
       Potion            |       |     1 |       |     4 |       ||     5
 Stab: Sleeping          |     2 |       |       |       |       ||     2
       Distracted        |     1 |       |     1 |     5 |       ||     7
  Eat: Chunk             |     5 |    11 |    13 |    48 |     3 ||    80
       Ration            |       |       |     3 |     2 |     2 ||     7
Armor: Animal skin       |    29 |     4 |       |       |       ||    33
       Ring mail         |       |    35 |       |       |       ||    35
       Chain mail        |       |    43 |    44 |   255 |    42 ||   384
       Plate armour      |       |       |   159 |    47 |       ||   206
Dodge: Dodged            |    61 |    63 |    60 |   162 |    26 ||   372
Block: Shield            |    44 |    64 |   117 |   218 |    47 ||   490
       Reflection        |       |       |       |       |     1 ||     1

Levels and vault maps discovered:
D:1:      dpeg_arrival_radiant, layout_loops_ring
D:2:      layout_loops_cross, nicolae_overflow_crystal_walls,
          lemuel_blue_sif_altar
D:3:      layout_rooms, lemuel_round_altar, chequers_ecumenical_altar_island
D:4:      layout_rooms, old_standard_altar, grunt_dithmenos_smoke_and_mirrors,
          uniq_sigmund
D:5:      layout_cave_pools, first_ration, eino_tiny_chamber,
          nicolae_ru_path_of_blood
D:6:      wander_river, layout_basic, cheibriados_altar_1,
          kennysheep_little_box, kiku_gazebo_garden_becter,
          overflow_temple_1_default, minmay_temple_entry_trees, chequers_jeans,
          hangedman_decor_peaks_small
D:7:      layout_cave_pods, nicolae_tso_besieged_by_evil,
          nicolae_ashenzari_panopticon, uniq_duvessa, uniq_prince_ribbit1,
          uniq_crazy_yiuf_cottage, uniq_pikel, uniq_harold, uniq_menkaure
D:8:      layout_basic, serial_shops, kennysheep_mini, grunt_ogre_cave,
          lemuel_altar_in_water
D:9:      minmay_curly_fans, layout_stronghold, dpeg_lair_monsters,
          unseen_surprise_small
D:10:     layout_loops_ring
D:11:     layout_irregular_city
Lair:1:   layout_chaotic_city
Lair:2:   minmay_lair_venomous_thicket, layout_loops_ring,
          portal_ice_cave_entry_pillars_1, st_stairs_10, lemuel_oklob_altar,
          grunt_megastairs_2
IceCv:    ice_cave_small_dragons

Table legend:
 A = Turns spent in this place as a percentage of turns spent in the entire game.
 B = Non-inter-level travel turns spent in this place as a percentage of non-inter-level travel turns spent in the entire game.
 C = Inter-level travel turns spent in this place as a percentage of turns spent in this place.
 D = Turns resting spent in this place as a percentage of non-inter-level travel turns spent in this place.
 E = Turns spent auto-exploring this place as a percentage of non-inter-level travel turns spent in this place.
 F = Non-inter-level travel turns spent in this place divided by the number of levels of this place that you've seen.
                   A       B       C       D       E      F
               +-------+-------+-------+-------+-------+----------------------
         Total | 100.0 | 100.0 |   6.1 |  28.0 |  50.0 | 1179.7
       Dungeon |  77.8 |  76.5 |   7.7 |  24.7 |  53.7 | 1148.3
          Lair |  18.0 |  19.1 |   0.6 |  39.5 |  40.3 | 1575.5
      Ice Cave |   4.2 |   4.4 |   0.0 |  35.7 |  28.7 | 734.0
               +-------+-------+-------+-------+-------+----------------------

Table legend:
 A = Kills in this place as a percentage of kills in entire the game.
 B = Kills by you in this place as a percentage of kills by you in the entire game.
 C = Kills by friends in this place as a percentage of kills by friends in the entire game.
 D = Other kills in this place as a percentage of other kills in the entire game.
 E = Experience gained in this place as a percentage of experience gained in the entire game.
 F = Experience gained in this place divided by the number of levels of this place that you have seen.
                   A       B       C       D       E      F
               +-------+-------+-------+-------+-------+----------------------
         Total | 100.0 | 100.0 | 100.0 |   N/A | 100.0 | 2919.4
       Dungeon |  79.8 |  79.9 |  76.5 |   N/A |  53.5 | 1986.8
          Lair |  15.4 |  15.3 |  17.6 |   N/A |  33.7 | 6892.0
      Ice Cave |   4.9 |   4.8 |   5.9 |   N/A |  12.8 | 5233.0
               +-------+-------+-------+-------+-------+----------------------
